AoeStats
← HD_Daniel

African Clearing

505574994Analyzed
4v4 RM · 22d ago on Sep 10, 2026· 22m 54s· 8 players
Game mode
Random Map
Map size
Large (8 player)
Population
200
Speed
Normal
Resources
Standard
Victory
Conquest
Starting age
Dark Age
Ending age
Imperial Age
RankedLock teamsTeams togetherTeam positionsShared explorationLock speedFull tech treeHidden civsTurbo modeCheats
Victory
Defeat
1525
+11
🇦🇷 Vikings · Argentina
1490
+12
🇨🇴 Huns · Colombia
1486
+12
1469
+13
🇲🇽 Malians · Mexico
1442
-13
🇲🇽 Berbers · Mexico
1422
-12
🇲🇽 Magyars · Mexico
1395
-12
🇲🇽 Vietnamese · Mexico
1379
-11
Yucatan_water_supremacy
5:15 Loom
12:23 Feudal Age
16:36 Town Watch
17:17 Scale Barding Armor
18:37 Bloodlines
24:05 Castle Age
MZTK I Kazoo
9:22 Loom
11:33 Feudal Age
12:22 Double-Bit Axe
14:08 Scale Barding Armor
16:00 Forging
18:46 Bloodlines
23:31 Wheelbarrow
Juanki
5:30 Loom
8:08 Loom
14:09 Feudal Age
20:14 Feudal Age
QNA | Apachai Hopachai
11:32 Loom
13:37 Feudal Age
18:01 Castle Age
16:31 Double-Bit Axe
HD_Daniel
5:26 Loom
14:55 Feudal Age
chentever.twitch
10:37 Loom
12:42 Feudal Age
17:27 Castle Age
17:12 Double-Bit Axe
GEN0S
10:17 Loom
12:05 Feudal Age
17:44 Bloodlines
Koatlistak
3:11 Loom
12:26 Feudal Age
13:12 Double-Bit Axe
14:33 Town Watch
15:24 Wheelbarrow
16:11 Fletching
Connection lost

Rejoining the realm…

Still unreachable

The connection could not be restored.

Session expired

The server has moved on; the page needs a fresh start.